Map: Backwater LE

Players

ChiliPepper - Winner!

  • Race: Terran Terran
  • League: Platinum
  • Spawn Location: 5:00

axu

  • Race: Protoss Protoss
  • League: Platinum
  • Spawn Location: 11:00

VOD

Have the link to the VOD?

Description

Time

  • Played on: April 11, 2018, 1:26 p.m.
  • Length: 9:10
Show
View Real Time Build Order
Export as new Build Order

ChiliPepper Terran - Winner!

Build Orders: MMM Bio 

Get SALT Encoding   

  12  0:00  SCV  
  13  0:13  SCV  
  14  0:17  Supply Depot  
  14  0:25  SCV  
  15  0:29  Refinery  
  15  0:39  SCV  
  16  0:46  Barracks  
  16  0:51  SCV  
  17  1:03  SCV  
  18  1:15  SCV  
  19  1:27  SCV  
  20  1:33  Reaper  
  20  1:39  Orbital Command  
  21  1:51  Command Center  
  21  2:09  SCV  
  21  2:11  Factory  
  21  2:13  Refinery  
  22  2:20  Barracks Reactor  
  22  2:27  Supply Depot  
  22  2:28  SCV  
  23  2:41  Engineering Bay  
  23  2:59  SCV  
  23  3:10  Cyclone x2  
  23  3:11  SCV  
  30  3:13  Orbital Command  
  30  3:17  Refinery, Supply Depot  
  30  3:18  Supply Depot  
  30  3:26  SCV  
  31  3:27  Barracks Tech Lab  
  31  3:36  Starport  
  31  3:39  SCV  
  32  3:51  SCV  
  32  3:52  Stimpack  
  33  3:57  Barracks  
  33  3:58  Marauder  
  33  4:02  Widow Mine  
  37  4:06  SCV  
  37  4:09  SCV  
  39  4:21  SCV  
  40  4:25  Supply Depot  
  40  4:26  Marine  
  40  4:27  Medivac  
  43  4:31  Cyclone  
  43  4:36  SCV  
  47  4:38  SCV  
  47  4:42  Refinery  
  47  4:44  Marine  
  49  4:50  Command Center  
  49  4:53  Barracks Tech Lab  
  49  4:59  Barracks  
  49  5:13  SCV  
  50  5:16  Starport Tech Lab  
  50  5:18  Marine x2  
  50  5:19  Combat Shields  
  52  5:23  Cyclone x2  
  52  5:28  SCV  
  59  5:44  Terran Infantry Weapons Level 1  
  59  5:45  Missile Turret  
  59  5:48  Armory  
  59  6:16  Orbital Command  
  59  6:23  Marine  
  59  6:24  Barracks, Marine  
  61  6:25  Barracks Reactor  
  61  6:29  Banshee  
  61  6:30  Cloaking Field  
  64  6:33  Cyclone  
  64  6:39  Orbital Command, Concussive Shells  
  67  6:42  Marauder x2  
  71  6:49  Supply Depot  
  71  6:55  SCV  
  71  6:57  SCV  
  73  7:02  Marine  
  73  7:03  Marauder, Terran Vehicle Weapons Level 1  
  73  7:07  SCV  
  77  7:09  SCV  
  77  7:12  Engineering Bay  
  77  7:13  Liberator  
  78  7:18  Barracks Reactor  
  78  7:19  Marine x2, SCV, Missile Turret  
  78  7:20  Marine  
  82  7:25  Marauder  
  84  7:36  Marine  
  87  7:37  Marine  
  87  7:38  Marine  
  87  7:39  SCV  
  91  7:45  Refinery, Marine  
  91  7:51  SCV  
  93  7:57  Supply Depot  
  93  8:11  Supply Depot  
  93  8:18  Marine x4  
  93  8:19  Marauder x2  
  97  8:36  Marine x4  
  97  8:40  Marauder, Marine  
Show
View Real Time Build Order
Export as new Build Order

axu Protoss 

Build Orders: 1 Gate Expand 

Get SALT Encoding   

  12  0:02  Probe  
  13  0:15  Probe  
  14  0:22  Pylon  
  14  0:28  Probe  
  15  0:47  Probe  
  16  0:59  Gateway  
  16  1:01  Probe  
  17  1:16  Assimilator  
  17  1:25  Probe  
  18  1:36  Nexus  
  18  1:37  Probe (Chrono Boost)  
  19  1:46  Cybernetics Core  
  19  1:59  Probe  
  20  2:11  Probe  
  21  2:16  Assimilator  
  21  2:17  Pylon  
  21  2:22  Stalker (Chrono Boost)  
  20  2:23  Probe  
  20  2:27  Warp Gate  
  23  2:35  Probe  
  22  3:01  Stalker  
  22  3:04  Probe x2  
  26  3:15  Gateway x2  
  26  3:16  Probe x2  
  28  3:25  Robotics Facility  
  28  3:28  Probe  
  28  3:31  Stalker, Probe  
  32  3:43  Probe (Chrono Boost)  
  32  3:44  Probe (Chrono Boost)  
  32  3:45  Shield Battery  
  34  3:56  Probe (Chrono Boost)  
  34  3:57  Probe (Chrono Boost)  
  36  4:06  Pylon  
  36  4:07  Pylon  
  36  4:15  Observer  
  37  4:19  Probe x2  
  39  4:31  Probe x2  
  41  4:39  Stalker x3  
  47  4:46  Observer (Chrono Boost), Twilight Council  
  48  4:53  Probe x2  
  48  4:55  Assimilator  
  50  5:00  Assimilator  
  50  5:05  Observer (Chrono Boost), Probe x2  
  53  5:09  Stalker  
  53  5:10  Stalker x2  
  59  5:17  Probe x2  
  61  5:29  Probe  
  61  5:30  Pylon  
  62  5:48  Immortal, Probe x2  
  68  5:53  Nexus  
  66  6:32  Blink (Chrono Boost), Pylon  
  66  6:34  Pylon  
  66  6:38  Pylon  
  66  6:50  Immortal  
  66  6:52  Probe x2  
  72  6:55  Pylon  
  72  6:58  Pylon  
  72  7:10  Zealot x2  
  72  7:15  Gateway  
  76  7:16  Gateway x2  
  76  7:29  Templar Archives  
  76  7:32  Probe x3  
  79  7:42  Immortal  
  79  7:44  Probe x3  
  84  7:47  Observer  
  84  7:48  Gateway  
  84  7:51  Gateway, Observer  
  86  7:55  Gateway  
  86  7:57  Gateway  
  86  8:15  Stalker x3  
  88  8:33  Stalker  
  63  8:49  Zealot x4  
  63  8:50  Zealot  
  46  9:08  Cybernetics Core  
Tags
 
Composition
MMM Bio
Matchup
PvT
Spawn Locations
Cross Positions
Add a new tag
Caveats
  • Supply blocks, unpowered buildings, or Contaminate may cause inaccurate times.
  • Supply counts are checked every 10 seconds.